 Dungeon Crawl Stone Soup version 0.27.0-1-g7a089689b8 (webtiles) character file.

Game seed: 14449090511550324352

5 HungrySpirit the Vexing (level 1, -1/15 HPs)
             Began as a Human Arcane Marksman on July 31, 2021.
             Slain by a jackal (3 damage)
             ... on level 1 of the Dungeon.
             The game lasted 00:00:26 (94 turns).

HungrySpirit the Vexing (Human Arcane Marksman)       Turns: 94, Time: 00:00:27

Health: -1/15      AC:  2    Str: 10    XL:     1   Next: 88%
Magic:  2/2        EV: 12    Int: 13    God:
Gold:   0          SH:  0    Dex: 13    Spells: 1/2 levels left

rFire    . . .     SeeInvis .   e - +0 trident
rCold    . . .     Faith    .   (no shield)
rNeg     . . .     Spirit   .   d - +0 robe
rPois    .         Reflect  .   (no helmet)
rElec    .         Harm     .   (no cloak)
rCorr    .         Rampage  .   (no gloves)
Will     .....                  (no boots)
Stlth    +.........             (no amulet)
HPRegen  0.05/turn              (no ring)
MPRegen  0.08/turn              (no ring)

@: no status effects
A: no striking features
a: no special abilities


You were on level 1 of the Dungeon.
You visited 1 branch of the dungeon, and saw 1 of its levels.

Inventory:

Hand Weapons
 a - a +0 shortbow
 e - a +0 trident (weapon)
Missiles
 c - 15 arrows
Armour
 d - a +0 robe (worn)
Scrolls
 b - a scroll of identify {unknown}


   Skills:
 + Level 1.4 Fighting
 - Level 2.0 Bows
 + Level 0.8 Armour
 - Level 2.0 Dodging
 - Level 1.0 Spellcasting
 - Level 3.0 Hexes


You had one spell level left.
You knew the following spells:

 Your Spells              Type           Power      Damage    Failure   Level
a - Corona                Hex            8%         N/A       9%          1

Your spell library contained the following spells:

 Spells                   Type           Power      Damage    Failure   Level
 Slow                     Hex            8%         N/A       12%         2
 Inner Flame              Hex/Fire       4%         N/A       41%         3
 Portal Projectile        Hex/Tloc       8%         N/A       41%         3
 Cause Fear               Hex            4%         N/A       63%         4


Dungeon Overview and Level Annotations

Branches:
Dungeon (1/15)

Altars:


Message History

You start resting.
A jackal comes into view. x2
There are monsters nearby!
c - 14 arrows (gained 2)
You see here a jackal corpse.
c - 15 arrows (gained 1)
Things that are here:
a +0 club; a ball python corpse You reach to attack!
You closely miss the jackal.
The jackal barks!
You hear a bark!
The jackal closely misses you.
You hit the jackal but do no damage. The jackal closely misses you.
The jackal bites you but does no damage.
You closely miss the jackal. The jackal bites you.
You barely miss the jackal. The jackal barely misses you.
The jackal completely misses you.
You closely miss the jackal. The jackal bites you.
The jackal closely misses you.
You barely miss the jackal. The jackal bites you.
* * * LOW HITPOINT WARNING * * *
The jackal bites you.
* * * LOW HITPOINT WARNING * * *
The jackal barks!
You hit the jackal but do no damage. The jackal bites you.
* * * LOW HITPOINT WARNING * * *
You closely miss the jackal. The jackal bites you.
* * * LOW HITPOINT WARNING * * *
The jackal bites you but does no damage.
The jackal closely misses you.
The jackal bites you but does no damage.
Things that are here:
a +0 club; a ball python corpse You completely miss the jackal.
The jackal bites you but does no damage.
You completely miss the jackal. The jackal barely misses you. x2
You aren't carrying any potions.
You barely miss the jackal. The jackal completely misses you.
You barely miss the jackal. The jackal closely misses you.
The jackal bites you.
You die...

#.# #h# ..#
#g# ##.# #.#
#.# ... #.#
#S# h.. ..#
#.# #.# #.#
#.# #.# #.#
#.#
#.#####.####.#
#()†.@hh.....#
#######.######
##########.#
#..........#
##+###'####.#
#...#...# #.#
#.>.#...# #.#
#...#...# #..
#.>.#.<.# ###


You could see 2 jackals.

Vanquished Creatures
  A goblin (D:1)
  2 jackals (D:1)
  A ball python (D:1)
  A kobold (D:1)
5 creatures vanquished.

Notes
Turn   | Place    | Note
-------+----------+-------------------------------------------
     0 | D:1      | HungrySpirit the Human Arcane Marksman began the quest for
                  | the Orb.
     0 | D:1      | Reached XP level 1. HP: 15/15 MP: 2/2
    94 | D:1      | Slain by a jackal

Illustrated notes

Levels and vault maps discovered:
D:1:      minmay_arrival_up_and_down, layout_loops_ring

Action                   || total
-------------------------++-------
Melee: Trident           ||    16
 Fire: Shortbow          ||    11
Armor: Robe              ||     6
Dodge: Dodged            ||    18
